Workbook

Sheet Control Panel
A1: 3 | E1: 1
C2: Securitização do FUNDEF Município de DOM EXPEDITO LOPES - PI
C3: Control Panel (BRL R$)
C5: Cenário | F5: Sem recebimento | G5: Acordo | H5: Incontroverso demorado | I5: Incontroverso rápido
C6: Cenário | D6: =CHOOSE($D$7,F6,G6,H6,I6,#REF!,#REF!) -> Optimistic | F6: Draconian | G6: Defensive | H6: Base | I6: Optimistic
D7: 4 | F7: 1 | G7: 2 | H7: 3 | I7: 4
C8: Probabilidade | D8: =CHOOSE($D$7,F8,G8,H8,I8,#REF!,#REF!) -> 0.065 | F8: 0.02 | G8: 0.07 | H8: 0.845 | I8: 0.065
C9: Gerais
C10: Valor que será convertido em PRC | D10: =CHOOSE($D$7,F10,G10,H10,I10) -> Incontroverso | F10: Incontroverso | G10: Incontroverso | H10: Incontroverso | I10: Incontroverso
C11: % do valor ancorado que será expedido | D11: =CHOOSE($D$7,F11,G11,H11,I11,#REF!,#REF!) -> 1 | F11: 0 | G11: 0.7 | H11: 1 | I11: 1
C12: 0 = Não Expedido / 1 = Expedido | D12: =CHOOSE($D$7,F12,G12,H12,I12,#REF!,#REF!) -> 1 | F12: 0 | G12: 1 | H12: 1 | I12: 1
C13: Meses do investimento até a expedição | D13: =CHOOSE($D$7,F13,G13,H13,I13,#REF!,#REF!) -> 16 | F13: 0 | G13: 14 | H13: 26 | I13: 16
C14: Deságio máximo | D14: ='Preço Mínimo'!E13 -> 0.5140151
C16: Pagamento Inicial
C17: On = 1 / Off = 0 | D17: =CHOOSE($D$7,F17,G17,H17,I17,#REF!,#REF!) -> 1 | F17: 1 | G17: 1 | H17: 1 | I17: 1
C18: % do valor de face | D18: =CHOOSE($D$7,F18,G18,H18,I18,#REF!,#REF!) -> 0.4859849 | F18: =1-D14 -> 0.4859849 | G18: =$F$18 -> 0.4859849 | H18: =$F$18 -> 0.4859849 | I18: =$F$18 -> 0.4859849
C19: Valor de face do pagamento | D19: =CHOOSE($D$7,F19,G19,H19,I19,#REF!,#REF!) -> Incontroverso | F19: Incontroverso | G19: Incontroverso | H19: Incontroverso | I19: Incontroverso
C21: Do Precatório
C22: IPCA + | D22: =CHOOSE($D$7,F22,G22,H22,I22,#REF!,#REF!) -> 0.02 | F22: 0.02 | G22: 0.02 | H22: 0.02 | I22: 0.02
C23: Meses antes de dez (pagamento P1 PRC) | D23: =CHOOSE($D$7,F23,G23,H23,I23,#REF!,#REF!) -> 6 | F23: 6 | G23: 6 | H23: 6 | I23: 6
C24: Meses antes de dez (pagamento P2 PRC) | D24: =CHOOSE($D$7,F24,G24,H24,I24,#REF!,#REF!) -> 6 | F24: 6 | G24: 6 | H24: 6 | I24: 6
C25: Meses antes de dez (pagamento P3 PRC) | D25: =CHOOSE($D$7,F25,G25,H25,I25,#REF!,#REF!) -> 6 | F25: 6 | G25: 6 | H25: 6 | I25: 6
C27: Do Precatório Complementar
C28: Expedido x meses após PRC inicial | D28: =CHOOSE($D$7,F28,G28,H28,I28,#REF!,#REF!) -> 0 | F28: 0 | G28: 0 | H28: 0 | I28: 0
C29: Expedido? (1 = sim ; 0 = não) | D29: =CHOOSE($D$7,F29,G29,H29,I29,#REF!,#REF!) -> 0 | F29: 0 | G29: 0 | H29: 0 | I29: 0
C30: % do valor residual que conseguimos expedir | D30: =CHOOSE($D$7,F30,G30,H30,I30,#REF!,#REF!) -> 1 | F30: 0 | G30: 0 | H30: 0 | I30: 1
C31: Meses antes de dez (pagamento P1 PRC) | D31: =CHOOSE($D$7,F31,G31,H31,I31,#REF!,#REF!) -> 5 | F31: 0 | G31: 0 | H31: 0 | I31: 5
C32: Meses antes de dez (pagamento P2 PRC) | D32: =CHOOSE($D$7,F32,G32,H32,I32,#REF!,#REF!) -> 5 | F32: 0 | G32: 0 | H32: 0 | I32: 5
C33: Meses antes de dez (pagamento P3 PRC) | D33: =CHOOSE($D$7,F33,G33,H33,I33,#REF!,#REF!) -> 5 | F33: 0 | G33: 0 | H33: 0 | I33: 5
C35: Retornos da Securitização
C36: Asset Level Return (BRL)
C37: IRR | D37: =Cashflows!D182 -> 0.30496024 | F37: #NUM! | G37: 0.17977179 | H37: 0.24684218 | I37: 0.30496024
C38: MOIC | D38: =Cashflows!D183 -> 2.6073005 | F38: 0 | G38: 1.8236866 | H38: 2.7688723 | I38: 2.6073005
C39: PnL | D39: =Cashflows!D184 -> 6129982.5 | F39: -3813837.3 | G39: 3141406.6 | H39: 6746191 | I39: 6129982.5
C40: Duration | D40: =LN(D38)/LN(1+D37) -> 3.6003536 | F40: #NUM! | G40: 3.6345049 | H40: 4.6163873 | I40: 3.6003536
C41: Net Balance Return (BRL)
C42: IRR | D42: =Cashflows!E182 -> 0.27465869 | F42: #NUM! | G42: 0.15952249 | H42: 0.22259502 | I42: 0.27465869
C43: MOIC | D43: =Cashflows!E183 -> 2.3662054 | F43: 0 | G43: 1.7001336 | H43: 2.5035414 | I43: 2.3662054
C44: PnL | D44: =Cashflows!E184 -> 5210485.1 | F44: -3813837.3 | G44: 2670195.6 | H44: 5734262.3 | I44: 5210485.1
C45: Duration | D45: =LN(D43)/LN(1+D42) -> 3.5490898 | F45: #NUM! | G45: 3.5856565 | H45: 4.5662559 | I45: 3.5490898
M49: D

Sheet Cashflows
C2: Securitização do FUNDEF Município de DOM EXPEDITO LOPES - PI | D2: Cenário: | E2: ='Control Panel'!$D$6 -> Optimistic
C3: Cashflows (BRL R$) | D3: Data do Investimento: | E3: 46295
G5: 44530 | H5: 44561 | I5: =EOMONTH(H5,1) -> 44592 | J5: =EOMONTH(I5,1) -> 44620 | K5: =EOMONTH(J5,1) -> 44651 | L5: =EOMONTH(K5,1) -> 44681 | M5: =EOMONTH(L5,1) -> 44712 | N5: =EOMONTH(M5,1) -> 44742 | O5: =EOMONTH(N5,1) -> 44773 | P5: =EOMONTH(O5,1) -> 44804 | ... FN5: =EOMONTH(FM5,1) -> 49490
C6: Valores - Direito Creditório | FN6: x
FN7: x
C8: Valor executado | D8: Data-base | E8: 42644 | FN8: x
C9: Principal | D9: 3913076.3 | FN9: x
C10: Juros | D10: 4829140.4 | FN10: x
C11: Total | D11: =SUM(D9:D10) -> 8742216.7 | FN11: x
C12: Valor Incontroverso | D12: Data-base | E12: 42644 | FN12: x
C13: Principal | D13: 2625443.1 | FN13: x
C14: Juros | D14: 3162809.8 | FN14: x
C15: Total | D15: =SUM(D13:D14) -> 5788252.8 | FN15: x
C16: Valor Contadoria | D16: Data-base | E16: n.m. | FN16: x
C17: Principal | D17: n.m. | FN17: x
C18: Juros | D18: n.m. | FN18: x
C19: Total | D19: =SUM(D17:D18) -> 0 | FN19: x
FN20: x
C22: Incluindo parcela dos professores? | D22: 0 | E22: % que vai securitizar
C23: % do principal pros professores | D23: 0.6 | E23: 1
C24: % dos juros pros professores | D24: 0 | E24: 0
C25: % do principal pro Mun | D25: =1-D23 -> 0.4 | E25: 1
C26: % dos juros pro Mun | D26: =1-D24 -> 1 | E26: 1
C27: % de honorários | D27: 0.2
C29: Premissas Direito Creditório | FN29: x
D31: Data de mudança da atualização | FN31: x
D32: 45931 | E32: Data-base 12/21 | FN32: x
D33: 44561
C35: Valor Executado
FN36: x
C37: Principal BoP | D37: Principal | E37: 4996408.6 | H37: =$E$37 -> 4996408.6 | I37: =H39 -> 4996408.6 | J37: =I39 -> 4996408.6 | K37: =J39 -> 4996408.6 | L37: =K39 -> 4996408.6 | M37: =L39 -> 4996408.6 | N37: =M39 -> 4996408.6 | O37: =N39 -> 4996408.6 | P37: =O39 -> 4996408.6 | ... FN37: =FM39 -> 7377610
C38: IPCA-15 | D38: Juros | E38: 7194195.4 | H38: =_xlfn.XLOOKUP(G$5,Índices!$D$7:$D$258,Índices!$F$7:$F$258) -> 0.0095 | I38: =_xlfn.XLOOKUP(H$5,Índices!$D$7:$D$258,Índices!$F$7:$F$258) -> 0.0073 | J38: =_xlfn.XLOOKUP(I$5,Índices!$D$7:$D$258,Índices!$F$7:$F$258) -> 0.0054 | K38: =_xlfn.XLOOKUP(J$5,Índices!$D$7:$D$258,Índices!$F$7:$F$258) -> 0.0101 | L38: =_xlfn.XLOOKUP(K$5,Índices!$D$7:$D$258,Índices!$F$7:$F$258) -> 0.0162 | M38: =_xlfn.XLOOKUP(L$5,Índices!$D$7:$D$258,Índices!$F$7:$F$258) -> 0.0106 | N38: =_xlfn.XLOOKUP(M$5,Índices!$D$7:$D$258,Índices!$F$7:$F$258) -> 0.0047 | O38: =_xlfn.XLOOKUP(N$5,Índices!$D$7:$D$258,Índices!$F$7:$F$258) -> 0.0067 | ... FN38: =_xlfn.XLOOKUP(FM$5,Índices!$D$7:$D$258,Índices!$F$7:$F$258) -> 0.0032737398
C39: Principal EoP | H39: =H37*(1+(IF(H$5>=$D$32,H38,0))) -> 4996408.6 | I39: =I37*(1+(IF(I$5>=$D$32,I38,0))) -> 4996408.6 | J39: =J37*(1+(IF(J$5>=$D$32,J38,0))) -> 4996408.6 | K39: =K37*(1+(IF(K$5>=$D$32,K38,0))) -> 4996408.6 | L39: =L37*(1+(IF(L$5>=$D$32,L38,0))) -> 4996408.6 | M39: =M37*(1+(IF(M$5>=$D$32,M38,0))) -> 4996408.6 | N39: =N37*(1+(IF(N$5>=$D$32,N38,0))) -> 4996408.6 | O39: =O37*(1+(IF(O$5>=$D$32,O38,0))) -> 4996408.6 | ... FN39: =FN37*(1+(IF(FN$5>=$D$32,FN38,0))) -> 7401762.4
C41: Juros até 12/2021 | H41: =$E$38 -> 7194195.4 | I41: =$E$38 -> 7194195.4 | J41: =$E$38 -> 7194195.4 | K41: =$E$38 -> 7194195.4 | L41: =$E$38 -> 7194195.4 | M41: =$E$38 -> 7194195.4 | N41: =$E$38 -> 7194195.4 | O41: =$E$38 -> 7194195.4 | ... FN41: =$E$38 -> 7194195.4
C42: Juros SELIC | H42: =IF(AND(H$5<$D$32,H$5>$D$33),(H37+H41)*H43,0) -> 0 | I42: =IF(AND(I$5<$D$32,I$5>$D$33),(I37+I41)*I43,0) -> 93867.65 | J42: =IF(AND(J$5<$D$32,J$5>$D$33),(J37+J41)*J43,0) -> 88991.409 | K42: =IF(AND(K$5<$D$32,K$5>$D$33),(K37+K41)*K43,0) -> 92648.59 | L42: =IF(AND(L$5<$D$32,L$5>$D$33),(L37+L41)*L43,0) -> 113372.62 | M42: =IF(AND(M$5<$D$32,M$5>$D$33),(M37+M41)*M43,0) -> 101182.01 | N42: =IF(AND(N$5<$D$32,N$5>$D$33),(N37+N41)*N43,0) -> 125563.22 | O42: =IF(AND(O$5<$D$32,O$5>$D$33),(O37+O41)*O43,0) -> 124344.16 | ... FN42: =IF(AND(FN$5<$D$32,FN$5>$D$33),(FN37+FN41)*FN43,0) -> 0
C43: Selic | H43: =_xlfn.XLOOKUP(G$5,Índices!$D$10:$D$261,Índices!$E$10:$E$261) -> 0.0059 | I43: =_xlfn.XLOOKUP(H$5,Índices!$D$10:$D$261,Índices!$E$10:$E$261) -> 0.0077 | J43: =_xlfn.XLOOKUP(I$5,Índices!$D$10:$D$261,Índices!$E$10:$E$261) -> 0.0073 | K43: =_xlfn.XLOOKUP(J$5,Índices!$D$10:$D$261,Índices!$E$10:$E$261) -> 0.0076 | L43: =_xlfn.XLOOKUP(K$5,Índices!$D$10:$D$261,Índices!$E$10:$E$261) -> 0.0093 | M43: =_xlfn.XLOOKUP(L$5,Índices!$D$10:$D$261,Índices!$E$10:$E$261) -> 0.0083 | N43: =_xlfn.XLOOKUP(M$5,Índices!$D$10:$D$261,Índices!$E$10:$E$261) -> 0.0103 | O43: =_xlfn.XLOOKUP(N$5,Índices!$D$10:$D$261,Índices!$E$10:$E$261) -> 0.0102 | ... FN43: =_xlfn.XLOOKUP(FM$5,Índices!$D$10:$D$261,Índices!$E$10:$E$261) -> 0.0092104614
C44: Juros novos | H44: =IF(H$5>$D$32,H37*H45,0) -> 0 | I44: =IF(I$5>$D$32,I37*I45,0) -> 0 | J44: =IF(J$5>$D$32,J37*J45,0) -> 0 | K44: =IF(K$5>$D$32,K37*K45,0) -> 0 | L44: =IF(L$5>$D$32,L37*L45,0) -> 0 | M44: =IF(M$5>$D$32,M37*M45,0) -> 0 | N44: =IF(N$5>$D$32,N37*N45,0) -> 0 | O44: =IF(O$5>$D$32,O37*O45,0) -> 0 | ... FN44: =IF(FN$5>$D$32,FN37*FN45,0) -> 43655.899
C45: Juros legal | H45: =_xlfn.XLOOKUP(G$5,Índices!$D$10:$D$261,Índices!$G$10:$G$261) -> 0 | I45: =_xlfn.XLOOKUP(H$5,Índices!$D$10:$D$261,Índices!$G$10:$G$261) -> 0 | J45: =_xlfn.XLOOKUP(I$5,Índices!$D$10:$D$261,Índices!$G$10:$G$261) -> 0.00039710116 | K45: =_xlfn.XLOOKUP(J$5,Índices!$D$10:$D$261,Índices!$G$10:$G$261) -> 0.0018897951 | L45: =_xlfn.XLOOKUP(K$5,Índices!$D$10:$D$261,Índices!$G$10:$G$261) -> 0 | M45: =_xlfn.XLOOKUP(L$5,Índices!$D$10:$D$261,Índices!$G$10:$G$261) -> 0 | N45: =_xlfn.XLOOKUP(M$5,Índices!$D$10:$D$261,Índices!$G$10:$G$261) -> 0 | O45: =_xlfn.XLOOKUP(N$5,Índices!$D$10:$D$261,Índices!$G$10:$G$261) -> 0.0055738031 | ... FN45: =_xlfn.XLOOKUP(FM$5,Índices!$D$10:$D$261,Índices!$G$10:$G$261) -> 0.0059173497
C46: Total Juros BoP | H46: =IF(G46=0,SUM(H41,H42),SUM(G48,H42)) -> 7194195.4 | I46: =IF(H46=0,SUM(I41,I42),SUM(H48,I42)) -> 7288063 | J46: =IF(I46=0,SUM(J41,J42),SUM(I48,J42)) -> 7377054.4 | K46: =IF(J46=0,SUM(K41,K42),SUM(J48,K42)) -> 7469703 | L46: =IF(K46=0,SUM(L41,L42),SUM(K48,L42)) -> 7583075.6 | M46: =IF(L46=0,SUM(M41,M42),SUM(L48,M42)) -> 7684257.6 | N46: =IF(M46=0,SUM(N41,N42),SUM(M48,N42)) -> 7809820.9 | O46: =IF(N46=0,SUM(O41,O42),SUM(N48,O42)) -> 7934165 | ... FN46: =IF(FM46=0,SUM(FN41,FN42),SUM(FM48,FN42)) -> 18523214
C47: IPCA-15 | H47: =_xlfn.XLOOKUP(G$5,Índices!$D$7:$D$258,Índices!$F$7:$F$258) -> 0.0095 | I47: =_xlfn.XLOOKUP(H$5,Índices!$D$7:$D$258,Índices!$F$7:$F$258) -> 0.0073 | J47: =_xlfn.XLOOKUP(I$5,Índices!$D$7:$D$258,Índices!$F$7:$F$258) -> 0.0054 | K47: =_xlfn.XLOOKUP(J$5,Índices!$D$7:$D$258,Índices!$F$7:$F$258) -> 0.0101 | L47: =_xlfn.XLOOKUP(K$5,Índices!$D$7:$D$258,Índices!$F$7:$F$258) -> 0.0162 | M47: =_xlfn.XLOOKUP(L$5,Índices!$D$7:$D$258,Índices!$F$7:$F$258) -> 0.0106 | N47: =_xlfn.XLOOKUP(M$5,Índices!$D$7:$D$258,Índices!$F$7:$F$258) -> 0.0047 | O47: =_xlfn.XLOOKUP(N$5,Índices!$D$7:$D$258,Índices!$F$7:$F$258) -> 0.0067 | ... FN47: =_xlfn.XLOOKUP(FM$5,Índices!$D$7:$D$258,Índices!$F$7:$F$258) -> 0.0032737398
C48: Total Juros EoP | H48: =(H46*(1+IF(H$5>=$D$32,H47,0))) -> 7194195.4 | I48: =(I46*(1+IF(I$5>=$D$32,I47,0))) -> 7288063 | J48: =(J46*(1+IF(J$5>=$D$32,J47,0))) -> 7377054.4 | K48: =(K46*(1+IF(K$5>=$D$32,K47,0))) -> 7469703 | L48: =(L46*(1+IF(L$5>=$D$32,L47,0))) -> 7583075.6 | M48: =(M46*(1+IF(M$5>=$D$32,M47,0))) -> 7684257.6 | N48: =(N46*(1+IF(N$5>=$D$32,N47,0))) -> 7809820.9 | O48: =(O46*(1+IF(O$5>=$D$32,O47,0))) -> 7934165 | ... FN48: =(FN46*(1+IF(FN$5>=$D$32,FN47,0))) -> 18583854
C49: Total do crédito a ser securitizado | H49: =(H39*$D$25*$E$25)+(H48+SUM($H$44:H44)-((H39+SUM($H$44:H44)+H48)*$D$27)*$E$26)+(((H39*$D$23*$E$23)+((H48+SUM($H$44:H44)-((H39+SUM($H$44:H44)+H48)*$D$27))*$D$24*$E$24))*$D$22) -> 6754638 | I49: =(I39*$D$25*$E$25)+(I48+SUM($H$44:I44)-((I39+SUM($H$44:I44)+I48)*$D$27)*$E$26)+(((I39*$D$23*$E$23)+((I48+SUM($H$44:I44)-((I39+SUM($H$44:I44)+I48)*$D$27))*$D$24*$E$24))*$D$22) -> 6829732.1 | J49: =(J39*$D$25*$E$25)+(J48+SUM($H$44:J44)-((J39+SUM($H$44:J44)+J48)*$D$27)*$E$26)+(((J39*$D$23*$E$23)+((J48+SUM($H$44:J44)-((J39+SUM($H$44:J44)+J48)*$D$27))*$D$24*$E$24))*$D$22) -> 6900925.3 | K49: =(K39*$D$25*$E$25)+(K48+SUM($H$44:K44)-((K39+SUM($H$44:K44)+K48)*$D$27)*$E$26)+(((K39*$D$23*$E$23)+((K48+SUM($H$44:K44)-((K39+SUM($H$44:K44)+K48)*$D$27))*$D$24*$E$24))*$D$22) -> 6975044.1 | L49: =(L39*$D$25*$E$25)+(L48+SUM($H$44:L44)-((L39+SUM($H$44:L44)+L48)*$D$27)*$E$26)+(((L39*$D$23*$E$23)+((L48+SUM($H$44:L44)-((L39+SUM($H$44:L44)+L48)*$D$27))*$D$24*$E$24))*$D$22) -> 7065742.2 | M49: =(M39*$D$25*$E$25)+(M48+SUM($H$44:M44)-((M39+SUM($H$44:M44)+M48)*$D$27)*$E$26)+(((M39*$D$23*$E$23)+((M48+SUM($H$44:M44)-((M39+SUM($H$44:M44)+M48)*$D$27))*$D$24*$E$24))*$D$22) -> 7146687.8 | N49: =(N39*$D$25*$E$25)+(N48+SUM($H$44:N44)-((N39+SUM($H$44:N44)+N48)*$D$27)*$E$26)+(((N39*$D$23*$E$23)+((N48+SUM($H$44:N44)-((N39+SUM($H$44:N44)+N48)*$D$27))*$D$24*$E$24))*$D$22) -> 7247138.4 | O49: =(O39*$D$25*$E$25)+(O48+SUM($H$44:O44)-((O39+SUM($H$44:O44)+O48)*$D$27)*$E$26)+(((O39*$D$23*$E$23)+((O48+SUM($H$44:O44)-((O39+SUM($H$44:O44)+O48)*$D$27))*$D$24*$E$24))*$D$22) -> 7346613.7 | ... FN49: =(FN39*$D$25*$E$25)+(FN48+SUM($H$44:FN44)-((FN39+SUM($H$44:FN44)+FN48)*$D$27)*$E$26)+(((FN39*$D$23*$E$23)+((FN48+SUM($H$44:FN44)-((FN39+SUM($H$44:FN44)+FN48)*$D$27))*$D$24*$E$24))*$D$22) -> 19929271
C51: Valor Incontroverso
C53: Principal BoP | D53: Principal | E53: 3352295.1 | H53: =$E$53 -> 3352295.1 | I53: =H55 -> 3352295.1 | J53: =I55 -> 3352295.1 | K53: =J55 -> 3352295.1 | L53: =K55 -> 3352295.1 | M53: =L55 -> 3352295.1 | N53: =M55 -> 3352295.1 | O53: =N55 -> 3352295.1 | P53: =O55 -> 3352295.1 | ... FN53: =FM55 -> 4949940.6
C54: IPCA-15 | D54: Juros | E54: 4728233.1 | H54: =_xlfn.XLOOKUP(G$5,Índices!$D$7:$D$258,Índices!$F$7:$F$258) -> 0.0095 | I54: =_xlfn.XLOOKUP(H$5,Índices!$D$7:$D$258,Índices!$F$7:$F$258) -> 0.0073 | J54: =_xlfn.XLOOKUP(I$5,Índices!$D$7:$D$258,Índices!$F$7:$F$258) -> 0.0054 | K54: =_xlfn.XLOOKUP(J$5,Índices!$D$7:$D$258,Índices!$F$7:$F$258) -> 0.0101 | L54: =_xlfn.XLOOKUP(K$5,Índices!$D$7:$D$258,Índices!$F$7:$F$258) -> 0.0162 | M54: =_xlfn.XLOOKUP(L$5,Índices!$D$7:$D$258,Índices!$F$7:$F$258) -> 0.0106 | N54: =_xlfn.XLOOKUP(M$5,Índices!$D$7:$D$258,Índices!$F$7:$F$258) -> 0.0047 | O54: =_xlfn.XLOOKUP(N$5,Índices!$D$7:$D$258,Índices!$F$7:$F$258) -> 0.0067 | ... FN54: =_xlfn.XLOOKUP(FM$5,Índices!$D$7:$D$258,Índices!$F$7:$F$258) -> 0.0032737398
C55: Principal EoP | H55: =H53*(1+(IF(H$5>=$D$32,H54,0))) -> 3352295.1 | I55: =I53*(1+(IF(I$5>=$D$32,I54,0))) -> 3352295.1 | J55: =J53*(1+(IF(J$5>=$D$32,J54,0))) -> 3352295.1 | K55: =K53*(1+(IF(K$5>=$D$32,K54,0))) -> 3352295.1 | L55: =L53*(1+(IF(L$5>=$D$32,L54,0))) -> 3352295.1 | M55: =M53*(1+(IF(M$5>=$D$32,M54,0))) -> 3352295.1 | N55: =N53*(1+(IF(N$5>=$D$32,N54,0))) -> 3352295.1 | O55: =O53*(1+(IF(O$5>=$D$32,O54,0))) -> 3352295.1 | ... FN55: =FN53*(1+(IF(FN$5>=$D$32,FN54,0))) -> 4966145.4
C57: Juros até 12/2021 | H57: =$E$54 -> 4728233.1 | I57: =$E$54 -> 4728233.1 | J57: =$E$54 -> 4728233.1 | K57: =$E$54 -> 4728233.1 | L57: =$E$54 -> 4728233.1 | M57: =$E$54 -> 4728233.1 | N57: =$E$54 -> 4728233.1 | O57: =$E$54 -> 4728233.1 | ... FN57: =$E$54 -> 4728233.1
C58: Juros SELIC | H58: =IF(AND(H$5<$D$32,H$5>$D$33),(H53+H57)*H59,0) -> 0 | I58: =IF(AND(I$5<$D$32,I$5>$D$33),(I53+I57)*I59,0) -> 62220.067 | J58: =IF(AND(J$5<$D$32,J$5>$D$33),(J53+J57)*J59,0) -> 58987.855 | K58: =IF(AND(K$5<$D$32,K$5>$D$33),(K53+K57)*K59,0) -> 61412.014 | L58: =IF(AND(L$5<$D$32,L$5>$D$33),(L53+L57)*L59,0) -> 75148.912 | M58: =IF(AND(M$5<$D$32,M$5>$D$33),(M53+M57)*M59,0) -> 67068.384 | N58: =IF(AND(N$5<$D$32,N$5>$D$33),(N53+N57)*N59,0) -> 83229.44 | O58: =IF(AND(O$5<$D$32,O$5>$D$33),(O53+O57)*O59,0) -> 82421.387 | ... FN58: =IF(AND(FN$5<$D$32,FN$5>$D$33),(FN53+FN57)*FN59,0) -> 0
C59: Selic | H59: =_xlfn.XLOOKUP(G$5,Índices!$D$10:$D$261,Índices!$E$10:$E$261) -> 0.0059 | I59: =_xlfn.XLOOKUP(H$5,Índices!$D$10:$D$261,Índices!$E$10:$E$261) -> 0.0077 | J59: =_xlfn.XLOOKUP(I$5,Índices!$D$10:$D$261,Índices!$E$10:$E$261) -> 0.0073 | K59: =_xlfn.XLOOKUP(J$5,Índices!$D$10:$D$261,Índices!$E$10:$E$261) -> 0.0076 | L59: =_xlfn.XLOOKUP(K$5,Índices!$D$10:$D$261,Índices!$E$10:$E$261) -> 0.0093 | M59: =_xlfn.XLOOKUP(L$5,Índices!$D$10:$D$261,Índices!$E$10:$E$261) -> 0.0083 | N59: =_xlfn.XLOOKUP(M$5,Índices!$D$10:$D$261,Índices!$E$10:$E$261) -> 0.0103 | O59: =_xlfn.XLOOKUP(N$5,Índices!$D$10:$D$261,Índices!$E$10:$E$261) -> 0.0102 | ... FN59: =_xlfn.XLOOKUP(FM$5,Índices!$D$10:$D$261,Índices!$E$10:$E$261) -> 0.0092104614
C60: Juros novos | H60: =IF(H$5>$D$32,H53*H61,0) -> 0 | I60: =IF(I$5>$D$32,I53*I61,0) -> 0 | J60: =IF(J$5>$D$32,J53*J61,0) -> 0 | K60: =IF(K$5>$D$32,K53*K61,0) -> 0 | L60: =IF(L$5>$D$32,L53*L61,0) -> 0 | M60: =IF(M$5>$D$32,M53*M61,0) -> 0 | N60: =IF(N$5>$D$32,N53*N61,0) -> 0 | O60: =IF(O$5>$D$32,O53*O61,0) -> 0 | ... FN60: =IF(FN$5>$D$32,FN53*FN61,0) -> 29290.53
C61: Juros legal | H61: =_xlfn.XLOOKUP(G$5,Índices!$D$10:$D$261,Índices!$G$10:$G$261) -> 0 | I61: =_xlfn.XLOOKUP(H$5,Índices!$D$10:$D$261,Índices!$G$10:$G$261) -> 0 | J61: =_xlfn.XLOOKUP(I$5,Índices!$D$10:$D$261,Índices!$G$10:$G$261) -> 0.00039710116 | K61: =_xlfn.XLOOKUP(J$5,Índices!$D$10:$D$261,Índices!$G$10:$G$261) -> 0.0018897951 | L61: =_xlfn.XLOOKUP(K$5,Índices!$D$10:$D$261,Índices!$G$10:$G$261) -> 0 | M61: =_xlfn.XLOOKUP(L$5,Índices!$D$10:$D$261,Índices!$G$10:$G$261) -> 0 | N61: =_xlfn.XLOOKUP(M$5,Índices!$D$10:$D$261,Índices!$G$10:$G$261) -> 0 | O61: =_xlfn.XLOOKUP(N$5,Índices!$D$10:$D$261,Índices!$G$10:$G$261) -> 0.0055738031 | ... FN61: =_xlfn.XLOOKUP(FM$5,Índices!$D$10:$D$261,Índices!$G$10:$G$261) -> 0.0059173497
C62: Total Juros BoP | H62: =IF(G62=0,SUM(H57,H58),SUM(G64,H58)) -> 4728233.1 | I62: =IF(H62=0,SUM(I57,I58),SUM(H64,I58)) -> 4790453.1 | J62: =IF(I62=0,SUM(J57,J58),SUM(I64,J58)) -> 4849441 | K62: =IF(J62=0,SUM(K57,K58),SUM(J64,K58)) -> 4910853 | L62: =IF(K62=0,SUM(L57,L58),SUM(K64,L58)) -> 4986001.9 | M62: =IF(L62=0,SUM(M57,M58),SUM(L64,M58)) -> 5053070.3 | N62: =IF(M62=0,SUM(N57,N58),SUM(M64,N58)) -> 5136299.8 | O62: =IF(N62=0,SUM(O57,O58),SUM(N64,O58)) -> 5218721.1 | ... FN62: =IF(FM62=0,SUM(FN57,FN58),SUM(FM64,FN58)) -> 12218392
C63: IPCA-15 | H63: =_xlfn.XLOOKUP(G$5,Índices!$D$7:$D$258,Índices!$F$7:$F$258) -> 0.0095 | I63: =_xlfn.XLOOKUP(H$5,Índices!$D$7:$D$258,Índices!$F$7:$F$258) -> 0.0073 | J63: =_xlfn.XLOOKUP(I$5,Índices!$D$7:$D$258,Índices!$F$7:$F$258) -> 0.0054 | K63: =_xlfn.XLOOKUP(J$5,Índices!$D$7:$D$258,Índices!$F$7:$F$258) -> 0.0101 | L63: =_xlfn.XLOOKUP(K$5,Índices!$D$7:$D$258,Índices!$F$7:$F$258) -> 0.0162 | M63: =_xlfn.XLOOKUP(L$5,Índices!$D$7:$D$258,Índices!$F$7:$F$258) -> 0.0106 | N63: =_xlfn.XLOOKUP(M$5,Índices!$D$7:$D$258,Índices!$F$7:$F$258) -> 0.0047 | O63: =_xlfn.XLOOKUP(N$5,Índices!$D$7:$D$258,Índices!$F$7:$F$258) -> 0.0067 | ... FN63: =_xlfn.XLOOKUP(FM$5,Índices!$D$7:$D$258,Índices!$F$7:$F$258) -> 0.0032737398
C64: Total Juros EoP | H64: =(H62*(1+IF(H$5>=$D$32,H63,0)))+H60 -> 4728233.1 | I64: =(I62*(1+IF(I$5>=$D$32,I63,0))) -> 4790453.1 | J64: =(J62*(1+IF(J$5>=$D$32,J63,0))) -> 4849441 | K64: =(K62*(1+IF(K$5>=$D$32,K63,0))) -> 4910853 | L64: =(L62*(1+IF(L$5>=$D$32,L63,0))) -> 4986001.9 | M64: =(M62*(1+IF(M$5>=$D$32,M63,0))) -> 5053070.3 | N64: =(N62*(1+IF(N$5>=$D$32,N63,0))) -> 5136299.8 | O64: =(O62*(1+IF(O$5>=$D$32,O63,0))) -> 5218721.1 | P64: =(P62*(1+IF(P$5>=$D$32,P63,0))) -> 5301950.6 | ... FN64: =(FN62*(1+IF(FN$5>=$D$32,FN63,0))) -> 12258391
C65: Total do crédito a ser securitizado | H65: =(H55*$D$25*$E$25)+(H64+SUM($H$60:H60)-((H55+SUM($H$60:H60)+H64)*$D$27)*$E$26)+(((H55*$D$23*$E$23)+((H64+SUM($H$60:H60)-((H55+SUM($H$60:H60)+H64)*$D$27))*$D$24*$E$24))*$D$22) -> 4453045.5 | I65: =(I55*$D$25*$E$25)+(I64+SUM($H$60:I60)-((I55+SUM($H$60:I60)+I64)*$D$27)*$E$26)+(((I55*$D$23*$E$23)+((I64+SUM($H$60:I60)-((I55+SUM($H$60:I60)+I64)*$D$27))*$D$24*$E$24))*$D$22) -> 4502821.5 | J65: =(J55*$D$25*$E$25)+(J64+SUM($H$60:J60)-((J55+SUM($H$60:J60)+J64)*$D$27)*$E$26)+(((J55*$D$23*$E$23)+((J64+SUM($H$60:J60)-((J55+SUM($H$60:J60)+J64)*$D$27))*$D$24*$E$24))*$D$22) -> 4550011.8 | K65: =(K55*$D$25*$E$25)+(K64+SUM($H$60:K60)-((K55+SUM($H$60:K60)+K64)*$D$27)*$E$26)+(((K55*$D$23*$E$23)+((K64+SUM($H$60:K60)-((K55+SUM($H$60:K60)+K64)*$D$27))*$D$24*$E$24))*$D$22) -> 4599141.4 | L65: =(L55*$D$25*$E$25)+(L64+SUM($H$60:L60)-((L55+SUM($H$60:L60)+L64)*$D$27)*$E$26)+(((L55*$D$23*$E$23)+((L64+SUM($H$60:L60)-((L55+SUM($H$60:L60)+L64)*$D$27))*$D$24*$E$24))*$D$22) -> 4659260.6 | M65: =(M55*$D$25*$E$25)+(M64+SUM($H$60:M60)-((M55+SUM($H$60:M60)+M64)*$D$27)*$E$26)+(((M55*$D$23*$E$23)+((M64+SUM($H$60:M60)-((M55+SUM($H$60:M60)+M64)*$D$27))*$D$24*$E$24))*$D$22) -> 4712915.3 | N65: =(N55*$D$25*$E$25)+(N64+SUM($H$60:N60)-((N55+SUM($H$60:N60)+N64)*$D$27)*$E$26)+(((N55*$D$23*$E$23)+((N64+SUM($H$60:N60)-((N55+SUM($H$60:N60)+N64)*$D$27))*$D$24*$E$24))*$D$22) -> 4779498.8 | O65: =(O55*$D$25*$E$25)+(O64+SUM($H$60:O60)-((O55+SUM($H$60:O60)+O64)*$D$27)*$E$26)+(((O55*$D$23*$E$23)+((O64+SUM($H$60:O60)-((O55+SUM($H$60:O60)+O64)*$D$27))*$D$24*$E$24))*$D$22) -> 4845435.9 | ... FN65: =(FN55*$D$25*$E$25)+(FN64+SUM($H$60:FN60)-((FN55+SUM($H$60:FN60)+FN64)*$D$27)*$E$26)+(((FN55*$D$23*$E$23)+((FN64+SUM($H$60:FN60)-((FN55+SUM($H$60:FN60)+FN64)*$D$27))*$D$24*$E$24))*$D$22) -> 13203142
C67: Valor Contadoria
C69: Principal BoP | D69: Principal | H69: =$E$69 -> 0 | I69: =H71 -> 0 | J69: =I71 -> 0 | K69: =J71 -> 0 | L69: =K71 -> 0 | M69: =L71 -> 0 | N69: =M71 -> 0 | O69: =N71 -> 0 | P69: =O71 -> 0 | ... FN69: =FM71 -> 0
C70: IPCA-15 | D70: Juros | H70: =_xlfn.XLOOKUP(G$5,Índices!$D$7:$D$258,Índices!$F$7:$F$258) -> 0.0095 | I70: =_xlfn.XLOOKUP(H$5,Índices!$D$7:$D$258,Índices!$F$7:$F$258) -> 0.0073 | J70: =_xlfn.XLOOKUP(I$5,Índices!$D$7:$D$258,Índices!$F$7:$F$258) -> 0.0054 | K70: =_xlfn.XLOOKUP(J$5,Índices!$D$7:$D$258,Índices!$F$7:$F$258) -> 0.0101 | L70: =_xlfn.XLOOKUP(K$5,Índices!$D$7:$D$258,Índices!$F$7:$F$258) -> 0.0162 | M70: =_xlfn.XLOOKUP(L$5,Índices!$D$7:$D$258,Índices!$F$7:$F$258) -> 0.0106 | N70: =_xlfn.XLOOKUP(M$5,Índices!$D$7:$D$258,Índices!$F$7:$F$258) -> 0.0047 | O70: =_xlfn.XLOOKUP(N$5,Índices!$D$7:$D$258,Índices!$F$7:$F$258) -> 0.0067 | ... FN70: =_xlfn.XLOOKUP(FM$5,Índices!$D$7:$D$258,Índices!$F$7:$F$258) -> 0.0032737398
C71: Principal EoP | H71: =H69*(1+(IF(H$5>=$D$32,H70,0))) -> 0 | I71: =I69*(1+(IF(I$5>=$D$32,I70,0))) -> 0 | J71: =J69*(1+(IF(J$5>=$D$32,J70,0))) -> 0 | K71: =K69*(1+(IF(K$5>=$D$32,K70,0))) -> 0 | L71: =L69*(1+(IF(L$5>=$D$32,L70,0))) -> 0 | M71: =M69*(1+(IF(M$5>=$D$32,M70,0))) -> 0 | N71: =N69*(1+(IF(N$5>=$D$32,N70,0))) -> 0 | O71: =O69*(1+(IF(O$5>=$D$32,O70,0))) -> 0 | ... FN71: =FN69*(1+(IF(FN$5>=$D$32,FN70,0))) -> 0
C73: Juros até 12/2021 | H73: =$E$70 -> 0 | I73: =$E$70 -> 0 | J73: =$E$70 -> 0 | K73: =$E$70 -> 0 | L73: =$E$70 -> 0 | M73: =$E$70 -> 0 | N73: =$E$70 -> 0 | O73: =$E$70 -> 0 | ... FN73: =$E$70 -> 0
C74: Juros SELIC | H74: =IF(AND(H$5<$D$32,H$5>$D$33),(H69+H73)*H75,0) -> 0 | I74: =IF(AND(I$5<$D$32,I$5>$D$33),(I69+I73)*I75,0) -> 0 | J74: =IF(AND(J$5<$D$32,J$5>$D$33),(J69+J73)*J75,0) -> 0 | K74: =IF(AND(K$5<$D$32,K$5>$D$33),(K69+K73)*K75,0) -> 0 | L74: =IF(AND(L$5<$D$32,L$5>$D$33),(L69+L73)*L75,0) -> 0 | M74: =IF(AND(M$5<$D$32,M$5>$D$33),(M69+M73)*M75,0) -> 0 | N74: =IF(AND(N$5<$D$32,N$5>$D$33),(N69+N73)*N75,0) -> 0 | O74: =IF(AND(O$5<$D$32,O$5>$D$33),(O69+O73)*O75,0) -> 0 | ... FN74: =IF(AND(FN$5<$D$32,FN$5>$D$33),(FN69+FN73)*FN75,0) -> 0
C75: Selic | H75: =_xlfn.XLOOKUP(G$5,Índices!$D$10:$D$261,Índices!$E$10:$E$261) -> 0.0059 | I75: =_xlfn.XLOOKUP(H$5,Índices!$D$10:$D$261,Índices!$E$10:$E$261) -> 0.0077 | J75: =_xlfn.XLOOKUP(I$5,Índices!$D$10:$D$261,Índices!$E$10:$E$261) -> 0.0073 | K75: =_xlfn.XLOOKUP(J$5,Índices!$D$10:$D$261,Índices!$E$10:$E$261) -> 0.0076 | L75: =_xlfn.XLOOKUP(K$5,Índices!$D$10:$D$261,Índices!$E$10:$E$261) -> 0.0093 | M75: =_xlfn.XLOOKUP(L$5,Índices!$D$10:$D$261,Índices!$E$10:$E$261) -> 0.0083 | N75: =_xlfn.XLOOKUP(M$5,Índices!$D$10:$D$261,Índices!$E$10:$E$261) -> 0.0103 | O75: =_xlfn.XLOOKUP(N$5,Índices!$D$10:$D$261,Índices!$E$10:$E$261) -> 0.0102 | ... FN75: =_xlfn.XLOOKUP(FM$5,Índices!$D$10:$D$261,Índices!$E$10:$E$261) -> 0.0092104614
C76: Juros novos | H76: =IF(H$5>$D$32,H69*H77,0) -> 0 | I76: =IF(I$5>$D$32,I69*I77,0) -> 0 | J76: =IF(J$5>$D$32,J69*J77,0) -> 0 | K76: =IF(K$5>$D$32,K69*K77,0) -> 0 | L76: =IF(L$5>$D$32,L69*L77,0) -> 0 | M76: =IF(M$5>$D$32,M69*M77,0) -> 0 | N76: =IF(N$5>$D$32,N69*N77,0) -> 0 | O76: =IF(O$5>$D$32,O69*O77,0) -> 0 | ... FN76: =IF(FN$5>$D$32,FN69*FN77,0) -> 0
C77: Juros legal | H77: =_xlfn.XLOOKUP(G$5,Índices!$D$10:$D$261,Índices!$G$10:$G$261) -> 0 | I77: =_xlfn.XLOOKUP(H$5,Índices!$D$10:$D$261,Índices!$G$10:$G$261) -> 0 | J77: =_xlfn.XLOOKUP(I$5,Índices!$D$10:$D$261,Índices!$G$10:$G$261) -> 0.00039710116 | K77: =_xlfn.XLOOKUP(J$5,Índices!$D$10:$D$261,Índices!$G$10:$G$261) -> 0.0018897951 | L77: =_xlfn.XLOOKUP(K$5,Índices!$D$10:$D$261,Índices!$G$10:$G$261) -> 0 | M77: =_xlfn.XLOOKUP(L$5,Índices!$D$10:$D$261,Índices!$G$10:$G$261) -> 0 | N77: =_xlfn.XLOOKUP(M$5,Índices!$D$10:$D$261,Índices!$G$10:$G$261) -> 0 | O77: =_xlfn.XLOOKUP(N$5,Índices!$D$10:$D$261,Índices!$G$10:$G$261) -> 0.0055738031 | ... FN77: =_xlfn.XLOOKUP(FM$5,Índices!$D$10:$D$261,Índices!$G$10:$G$261) -> 0.0059173497
C78: Total Juros BoP | H78: =IF(G78=0,SUM(H73,H74),SUM(G80,H74)) -> 0 | I78: =IF(H78=0,SUM(I73,I74),SUM(H80,I74)) -> 0 | J78: =IF(I78=0,SUM(J73,J74),SUM(I80,J74)) -> 0 | K78: =IF(J78=0,SUM(K73,K74),SUM(J80,K74)) -> 0 | L78: =IF(K78=0,SUM(L73,L74),SUM(K80,L74)) -> 0 | M78: =IF(L78=0,SUM(M73,M74),SUM(L80,M74)) -> 0 | N78: =IF(M78=0,SUM(N73,N74),SUM(M80,N74)) -> 0 | O78: =IF(N78=0,SUM(O73,O74),SUM(N80,O74)) -> 0 | ... FN78: =IF(FM78=0,SUM(FN73,FN74),SUM(FM80,FN74)) -> 0
C79: IPCA-15 | H79: =_xlfn.XLOOKUP(G$5,Índices!$D$7:$D$258,Índices!$F$7:$F$258) -> 0.0095 | I79: =_xlfn.XLOOKUP(H$5,Índices!$D$7:$D$258,Índices!$F$7:$F$258) -> 0.0073 | J79: =_xlfn.XLOOKUP(I$5,Índices!$D$7:$D$258,Índices!$F$7:$F$258) -> 0.0054 | K79: =_xlfn.XLOOKUP(J$5,Índices!$D$7:$D$258,Índices!$F$7:$F$258) -> 0.0101 | L79: =_xlfn.XLOOKUP(K$5,Índices!$D$7:$D$258,Índices!$F$7:$F$258) -> 0.0162 | M79: =_xlfn.XLOOKUP(L$5,Índices!$D$7:$D$258,Índices!$F$7:$F$258) -> 0.0106 | N79: =_xlfn.XLOOKUP(M$5,Índices!$D$7:$D$258,Índices!$F$7:$F$258) -> 0.0047 | O79: =_xlfn.XLOOKUP(N$5,Índices!$D$7:$D$258,Índices!$F$7:$F$258) -> 0.0067 | ... FN79: =_xlfn.XLOOKUP(FM$5,Índices!$D$7:$D$258,Índices!$F$7:$F$258) -> 0.0032737398
C80: Total Juros EoP | H80: =(H78*(1+IF(H$5>=$D$32,H79,0)))+H76 -> 0 | I80: =(I78*(1+IF(I$5>=$D$32,I79,0))) -> 0 | J80: =(J78*(1+IF(J$5>=$D$32,J79,0))) -> 0 | K80: =(K78*(1+IF(K$5>=$D$32,K79,0))) -> 0 | L80: =(L78*(1+IF(L$5>=$D$32,L79,0))) -> 0 | M80: =(M78*(1+IF(M$5>=$D$32,M79,0))) -> 0 | N80: =(N78*(1+IF(N$5>=$D$32,N79,0))) -> 0 | O80: =(O78*(1+IF(O$5>=$D$32,O79,0))) -> 0 | P80: =(P78*(1+IF(P$5>=$D$32,P79,0))) -> 0 | ... FN80: =(FN78*(1+IF(FN$5>=$D$32,FN79,0))) -> 0
C81: Total do crédito a ser securitizado | H81: =(H71*$D$25*$E$25)+(H80+SUM($H$60:H60)-((H71+SUM($H$60:H60)+H80)*$D$27)*$E$26)+(((H71*$D$23*$E$23)+((H80+SUM($H$60:H60)-((H71+SUM($H$60:H60)+H80)*$D$27))*$D$24*$E$24))*$D$22) -> 0 | I81: =(I71*$D$25*$E$25)+(I80+SUM($H$60:I60)-((I71+SUM($H$60:I60)+I80)*$D$27)*$E$26)+(((I71*$D$23*$E$23)+((I80+SUM($H$60:I60)-((I71+SUM($H$60:I60)+I80)*$D$27))*$D$24*$E$24))*$D$22) -> 0 | J81: =(J71*$D$25*$E$25)+(J80+SUM($H$60:J60)-((J71+SUM($H$60:J60)+J80)*$D$27)*$E$26)+(((J71*$D$23*$E$23)+((J80+SUM($H$60:J60)-((J71+SUM($H$60:J60)+J80)*$D$27))*$D$24*$E$24))*$D$22) -> 0 | K81: =(K71*$D$25*$E$25)+(K80+SUM($H$60:K60)-((K71+SUM($H$60:K60)+K80)*$D$27)*$E$26)+(((K71*$D$23*$E$23)+((K80+SUM($H$60:K60)-((K71+SUM($H$60:K60)+K80)*$D$27))*$D$24*$E$24))*$D$22) -> 0 | L81: =(L71*$D$25*$E$25)+(L80+SUM($H$60:L60)-((L71+SUM($H$60:L60)+L80)*$D$27)*$E$26)+(((L71*$D$23*$E$23)+((L80+SUM($H$60:L60)-((L71+SUM($H$60:L60)+L80)*$D$27))*$D$24*$E$24))*$D$22) -> 0 | M81: =(M71*$D$25*$E$25)+(M80+SUM($H$60:M60)-((M71+SUM($H$60:M60)+M80)*$D$27)*$E$26)+(((M71*$D$23*$E$23)+((M80+SUM($H$60:M60)-((M71+SUM($H$60:M60)+M80)*$D$27))*$D$24*$E$24))*$D$22) -> 0 | N81: =(N71*$D$25*$E$25)+(N80+SUM($H$60:N60)-((N71+SUM($H$60:N60)+N80)*$D$27)*$E$26)+(((N71*$D$23*$E$23)+((N80+SUM($H$60:N60)-((N71+SUM($H$60:N60)+N80)*$D$27))*$D$24*$E$24))*$D$22) -> 0 | O81: =(O71*$D$25*$E$25)+(O80+SUM($H$60:O60)-((O71+SUM($H$60:O60)+O80)*$D$27)*$E$26)+(((O71*$D$23*$E$23)+((O80+SUM($H$60:O60)-((O71+SUM($H$60:O60)+O80)*$D$27))*$D$24*$E$24))*$D$22) -> 0 | ... BL81: =(BL71*$D$25*$E$25)+(BL80+SUM($H$60:BL60)-((BL71+SUM($H$60:BL60)+BL80)*$D$27)*$E$26)+(((BL71*$D$23*$E$23)+((BL80+SUM($H$60:BL60)-((BL71+SUM($H$60:BL60)+BL80)*$D$27))*$D$24*$E$24))*$D$22) -> 223187.79 | BM81: =(BM71*$D$25*$E$25)+(BM80+SUM($H$76:BM76)-((BM71+SUM($H$76:BM76)+BM80)*$D$27)*$E$26)+(((BM71*$D$23*$E$23)+((BM80+SUM($H$76:BM76)-((BM71+SUM($H$76:BM76)+BM80)*$D$27))*$D$24*$E$24))*$D$22) -> 0 | BN81: =(BN71*$D$25*$E$25)+(BN80+SUM($H$76:BN76)-((BN71+SUM($H$76:BN76)+BN80)*$D$27)*$E$26)+(((BN71*$D$23*$E$23)+((BN80+SUM($H$76:BN76)-((BN71+SUM($H$76:BN76)+BN80)*$D$27))*$D$24*$E$24))*$D$22) -> 0 | BO81: =(BO71*$D$25*$E$25)+(BO80+SUM($H$76:BO76)-((BO71+SUM($H$76:BO76)+BO80)*$D$27)*$E$26)+(((BO71*$D$23*$E$23)+((BO80+SUM($H$76:BO76)-((BO71+SUM($H$76:BO76)+BO80)*$D$27))*$D$24*$E$24))*$D$22) -> 0 | BP81: =(BP71*$D$25*$E$25)+(BP80+SUM($H$76:BP76)-((BP71+SUM($H$76:BP76)+BP80)*$D$27)*$E$26)+(((BP71*$D$23*$E$23)+((BP80+SUM($H$76:BP76)-((BP71+SUM($H$76:BP76)+BP80)*$D$27))*$D$24*$E$24))*$D$22) -> 0 | BQ81: =(BQ71*$D$25*$E$25)+(BQ80+SUM($H$76:BQ76)-((BQ71+SUM($H$76:BQ76)+BQ80)*$D$27)*$E$26)+(((BQ71*$D$23*$E$23)+((BQ80+SUM($H$76:BQ76)-((BQ71+SUM($H$76:BQ76)+BQ80)*$D$27))*$D$24*$E$24))*$D$22) -> 0 | BR81: =(BR71*$D$25*$E$25)+(BR80+SUM($H$76:BR76)-((BR71+SUM($H$76:BR76)+BR80)*$D$27)*$E$26)+(((BR71*$D$23*$E$23)+((BR80+SUM($H$76:BR76)-((BR71+SUM($H$76:BR76)+BR80)*$D$27))*$D$24*$E$24))*$D$22) -> 0 | BS81: =(BS71*$D$25*$E$25)+(BS80+SUM($H$76:BS76)-((BS71+SUM($H$76:BS76)+BS80)*$D$27)*$E$26)+(((BS71*$D$23*$E$23)+((BS80+SUM($H$76:BS76)-((BS71+SUM($H$76:BS76)+BS80)*$D$27))*$D$24*$E$24))*$D$22) -> 0 | BT81: =(BT71*$D$25*$E$25)+(BT80+SUM($H$76:BT76)-((BT71+SUM($H$76:BT76)+BT80)*$D$27)*$E$26)+(((BT71*$D$23*$E$23)+((BT80+SUM($H$76:BT76)-((BT71+SUM($H$76:BT76)+BT80)*$D$27))*$D$24*$E$24))*$D$22) -> 0 | ... FN81: =(FN71*$D$25*$E$25)+(FN80+SUM($H$76:FN76)-((FN71+SUM($H$76:FN76)+FN80)*$D$27)*$E$26)+(((FN71*$D$23*$E$23)+((FN80+SUM($H$76:FN76)-((FN71+SUM($H$76:FN76)+FN80)*$D$27))*$D$24*$E$24))*$D$22) -> 0
FN83: x
C84: Executado | H84: =H49 -> 6754638 | I84: =I49 -> 6829732.1 | J84: =J49 -> 6900925.3 | K84: =K49 -> 6975044.1 | L84: =L49 -> 7065742.2 | M84: =M49 -> 7146687.8 | N84: =N49 -> 7247138.4 | O84: =O49 -> 7346613.7 | ... FN84: =FN49 -> 19929271
C85: Incontroverso | H85: =H65 -> 4453045.5 | I85: =I65 -> 4502821.5 | J85: =J65 -> 4550011.8 | K85: =K65 -> 4599141.4 | L85: =L65 -> 4659260.6 | M85: =M65 -> 4712915.3 | N85: =N65 -> 4779498.8 | O85: =O65 -> 4845435.9 | ... FN85: =FN65 -> 13203142
C86: Contadoria | H86: =H81 -> 0 | I86: =I81 -> 0 | J86: =J81 -> 0 | K86: =K81 -> 0 | L86: =L81 -> 0 | M86: =M81 -> 0 | N86: =N81 -> 0 | O86: =O81 -> 0 | ... FN86: =FN81 -> 0
FN87: x
C88: Expedição do Precatório | FN88: x
FN89: x
C90: Precatório inicial | E90: 0 = Não Expedido / 1 = Expedido | FN90: x
C91: Valor que será convertido em PRC | D91: ='Control Panel'!D10 -> Incontroverso | E91: ='Control Panel'!D12 -> 1 | FN91: x
C92: n de meses do investimento até a expedição | D92: ='Control Panel'!D13 -> 16 | FN92: x
C93: Data de Expedição do PRC | D93: =EOMONTH(E3,D92) -> 46783 | FN93: x
C94: IPCA + | D94: ='Control Panel'!D22 -> 0.02 | FN94: x
C95: % do valor ancorado que será expedido | D95: ='Control Panel'!D11 -> 1
FN96: x
C97: BoP | D97: Data de mudança da atualização | H97: =IF(G$97<=0,IF(H$5=$D$93,(_xlfn.XLOOKUP($D$91,$C$84:$C$86,H$84:H$86)*$D$95),0),G$99)*$E$91 -> 0 | I97: =IF(H$97<=0,IF(I$5=$D$93,(_xlfn.XLOOKUP($D$91,$C$84:$C$86,I$84:I$86)*$D$95),0),H$99)*$E$91 -> 0 | J97: =IF(I$97<=0,IF(J$5=$D$93,(_xlfn.XLOOKUP($D$91,$C$84:$C$86,J$84:J$86)*$D$95),0),I$99)*$E$91 -> 0 | K97: =IF(J$97<=0,IF(K$5=$D$93,(_xlfn.XLOOKUP($D$91,$C$84:$C$86,K$84:K$86)*$D$95),0),J$99)*$E$91 -> 0 | L97: =IF(K$97<=0,IF(L$5=$D$93,(_xlfn.XLOOKUP($D$91,$C$84:$C$86,L$84:L$86)*$D$95),0),K$99)*$E$91 -> 0 | M97: =IF(L$97<=0,IF(M$5=$D$93,(_xlfn.XLOOKUP($D$91,$C$84:$C$86,M$84:M$86)*$D$95),0),L$99)*$E$91 -> 0 | N97: =IF(M$97<=0,IF(N$5=$D$93,(_xlfn.XLOOKUP($D$91,$C$84:$C$86,N$84:N$86)*$D$95),0),M$99)*$E$91 -> 0 | O97: =IF(N$97<=0,IF(O$5=$D$93,(_xlfn.XLOOKUP($D$91,$C$84:$C$86,O$84:O$86)*$D$95),0),N$99)*$E$91 -> 0 | ... FN97: =IF(FM$97<=0,IF(FN$5=$D$93,(_xlfn.XLOOKUP($D$91,$C$84:$C$86,FN$84:FN$86)*$D$95),0),FM$99)*$E$91 -> 13415871
C98: IPCA + 2% | D98: 45931 | H98: =_xlfn.XLOOKUP(G$5,Índices!$D$7:$D$258,Índices!$F$7:$F$258)+((1+$D$94)^(1/12)-1) -> 0.011151581 | I98: =_xlfn.XLOOKUP(H$5,Índices!$D$7:$D$258,Índices!$F$7:$F$258)+((1+$D$94)^(1/12)-1) -> 0.0089515813 | J98: =_xlfn.XLOOKUP(I$5,Índices!$D$7:$D$258,Índices!$F$7:$F$258)+((1+$D$94)^(1/12)-1) -> 0.0070515813 | K98: =_xlfn.XLOOKUP(J$5,Índices!$D$7:$D$258,Índices!$F$7:$F$258)+((1+$D$94)^(1/12)-1) -> 0.011751581 | L98: =_xlfn.XLOOKUP(K$5,Índices!$D$7:$D$258,Índices!$F$7:$F$258)+((1+$D$94)^(1/12)-1) -> 0.017851581 | M98: =_xlfn.XLOOKUP(L$5,Índices!$D$7:$D$258,Índices!$F$7:$F$258)+((1+$D$94)^(1/12)-1) -> 0.012251581 | N98: =_xlfn.XLOOKUP(M$5,Índices!$D$7:$D$258,Índices!$F$7:$F$258)+((1+$D$94)^(1/12)-1) -> 0.0063515813 | O98: =_xlfn.XLOOKUP(N$5,Índices!$D$7:$D$258,Índices!$F$7:$F$258)+((1+$D$94)^(1/12)-1) -> 0.0083515813 | ... FN98: =_xlfn.XLOOKUP(FM$5,Índices!$D$7:$D$258,Índices!$F$7:$F$258)+((1+$D$94)^(1/12)-1) -> 0.0049253211
C99: EoP | H99: =H97*(1+H98) -> 0 | I99: =I97*(1+I98) -> 0 | J99: =J97*(1+J98) -> 0 | K99: =K97*(1+K98) -> 0 | L99: =L97*(1+L98) -> 0 | M99: =M97*(1+M98) -> 0 | N99: =N97*(1+N98) -> 0 | O99: =O97*(1+O98) -> 0 | ... FN99: =FN97*(1+FN98) -> 13481948
FN100: x
C101: Precatório complementar | FN101: x
C102: Antes da expedição
C103: Principal - BoP | D103: Expedido x meses após exp PRC inicial | E103: ='Control Panel'!D28 -> 0 | H103: =IF(G$5<$E$104,IF(G$103=0,IF(AND($D$91="Incontroverso",H$97>0),H37-H53,0),G$105),0)*$E$105 -> 0 | I103: =IF(H$5<$E$104,IF(H$103=0,IF(AND($D$91="Incontroverso",I$97>0),I37-I53,0),H$105),0)*$E$105 -> 0 | J103: =IF(I$5<$E$104,IF(I$103=0,IF(AND($D$91="Incontroverso",J$97>0),J37-J53,0),I$105),0)*$E$105 -> 0 | K103: =IF(J$5<$E$104,IF(J$103=0,IF(AND($D$91="Incontroverso",K$97>0),K37-K53,0),J$105),0)*$E$105 -> 0 | L103: =IF(K$5<$E$104,IF(K$103=0,IF(AND($D$91="Incontroverso",L$97>0),L37-L53,0),K$105),0)*$E$105 -> 0 | M103: =IF(L$5<$E$104,IF(L$103=0,IF(AND($D$91="Incontroverso",M$97>0),M37-M53,0),L$105),0)*$E$105 -> 0 | N103: =IF(M$5<$E$104,IF(M$103=0,IF(AND($D$91="Incontroverso",N$97>0),N37-N53,0),M$105),0)*$E$105 -> 0 | O103: =IF(N$5<$E$104,IF(N$103=0,IF(AND($D$91="Incontroverso",O$97>0),O37-O53,0),N$105),0)*$E$105 -> 0 | ... CI103: =IF(CH$5<$E$104,IF(CH$103=0,IF(AND($D$91="Incontroverso",CI$97>0),CI37-CI53,0),CH$105),0)*$E$105 -> 0 | CJ103: =IF(CI$103=0,IF(AND($D$91="Incontroverso",CJ$97>0),CJ37-CJ53,0),CI$105)*$E$105 -> 0 | CK103: =IF(CJ$103=0,IF(AND($D$91="Incontroverso",CK$97>0),CK37-CK53,0),CJ$105)*$E$105 -> 0 | CL103: =IF(CK$103=0,IF(AND($D$91="Incontroverso",CL$97>0),CL37-CL53,0),CK$105)*$E$105 -> 0 | CM103: =IF(CL$103=0,IF(AND($D$91="Incontroverso",CM$97>0),CM37-CM53,0),CL$105)*$E$105 -> 0 | CN103: =IF(CM$103=0,IF(AND($D$91="Incontroverso",CN$97>0),CN37-CN53,0),CM$105)*$E$105 -> 0 | CO103: =IF(CN$103=0,IF(AND($D$91="Incontroverso",CO$97>0),CO37-CO53,0),CN$105)*$E$105 -> 0 | CP103: =IF(CO$103=0,IF(AND($D$91="Incontroverso",CP$97>0),CP37-CP53,0),CO$105)*$E$105 -> 0 | CQ103: =IF(CP$103=0,IF(AND($D$91="Incontroverso",CQ$97>0),CQ37-CQ53,0),CP$105)*$E$105 -> 0 | ... FN103: =IF(FM$103=0,IF(AND($D$91="Incontroverso",FN$97>0),FN37-FN53,0),FM$105)*$E$105 -> 0
C104: IPCA-15 | D104: Data de expedição PRC comp | E104: =IF($E$105=1,EOMONTH($D$93,$E$103)*$E$105,0) -> 0 | H104: =_xlfn.XLOOKUP(G$5,Índices!$D$7:$D$258,Índices!$F$7:$F$258) -> 0.0095 | I104: =_xlfn.XLOOKUP(H$5,Índices!$D$7:$D$258,Índices!$F$7:$F$258) -> 0.0073 | J104: =_xlfn.XLOOKUP(I$5,Índices!$D$7:$D$258,Índices!$F$7:$F$258) -> 0.0054 | K104: =_xlfn.XLOOKUP(J$5,Índices!$D$7:$D$258,Índices!$F$7:$F$258) -> 0.0101 | L104: =_xlfn.XLOOKUP(K$5,Índices!$D$7:$D$258,Índices!$F$7:$F$258) -> 0.0162 | M104: =_xlfn.XLOOKUP(L$5,Índices!$D$7:$D$258,Índices!$F$7:$F$258) -> 0.0106 | N104: =_xlfn.XLOOKUP(M$5,Índices!$D$7:$D$258,Índices!$F$7:$F$258) -> 0.0047 | O104: =_xlfn.XLOOKUP(N$5,Índices!$D$7:$D$258,Índices!$F$7:$F$258) -> 0.0067 | ... FN104: =_xlfn.XLOOKUP(FM$5,Índices!$D$7:$D$258,Índices!$F$7:$F$258) -> 0.0032737398
C105: Principal - EoP | D105: Expedido o PRC? (1 = sim; 0 = não) | E105: ='Control Panel'!D29 -> 0 | H105: =H103*(1+(IF(H$5>=$D$98,H104,0))) -> 0 | I105: =I103*(1+(IF(I$5>=$D$98,I104,0))) -> 0 | J105: =J103*(1+(IF(J$5>=$D$98,J104,0))) -> 0 | K105: =K103*(1+(IF(K$5>=$D$98,K104,0))) -> 0 | L105: =L103*(1+(IF(L$5>=$D$98,L104,0))) -> 0 | M105: =M103*(1+(IF(M$5>=$D$98,M104,0))) -> 0 | N105: =N103*(1+(IF(N$5>=$D$98,N104,0))) -> 0 | O105: =O103*(1+(IF(O$5>=$D$98,O104,0))) -> 0 | ... FN105: =FN103*(1+(IF(FN$5>=$D$98,FN104,0))) -> 0
D106: % do valor residual que conseguimos expedir | E106: ='Control Panel'!D30 -> 1 | FN106: x
C108: Juros novos | H108: =IF(G$5<$E$104,IF(G$103=0,IF(AND($D$91="Incontroverso",H$97>0),H46-H62,0),G$105),0)*$E$105 -> 0 | I108: =IF(I$5>$D$98,I103*I109,0) -> 0 | J108: =IF(J$5>$D$98,J103*J109,0) -> 0 | K108: =IF(K$5>$D$98,K103*K109,0) -> 0 | L108: =IF(L$5>$D$98,L103*L109,0) -> 0 | M108: =IF(M$5>$D$98,M103*M109,0) -> 0 | N108: =IF(N$5>$D$98,N103*N109,0) -> 0 | O108: =IF(O$5>$D$98,O103*O109,0) -> 0 | P108: =IF(P$5>$D$98,P103*P109,0) -> 0 | ... FN108: =IF(FN$5>$D$98,FN103*FN109,0) -> 0
C109: Juros legal | H109: =_xlfn.XLOOKUP(G$5,Índices!$D$10:$D$261,Índices!$G$10:$G$261) -> 0 | I109: =_xlfn.XLOOKUP(H$5,Índices!$D$10:$D$261,Índices!$G$10:$G$261) -> 0 | J109: =_xlfn.XLOOKUP(I$5,Índices!$D$10:$D$261,Índices!$G$10:$G$261) -> 0.00039710116 | K109: =_xlfn.XLOOKUP(J$5,Índices!$D$10:$D$261,Índices!$G$10:$G$261) -> 0.0018897951 | L109: =_xlfn.XLOOKUP(K$5,Índices!$D$10:$D$261,Índices!$G$10:$G$261) -> 0 | M109: =_xlfn.XLOOKUP(L$5,Índices!$D$10:$D$261,Índices!$G$10:$G$261) -> 0 | N109: =_xlfn.XLOOKUP(M$5,Índices!$D$10:$D$261,Índices!$G$10:$G$261) -> 0 | O109: =_xlfn.XLOOKUP(N$5,Índices!$D$10:$D$261,Índices!$G$10:$G$261) -> 0.0055738031 | ... FN109: =_xlfn.XLOOKUP(FM$5,Índices!$D$10:$D$261,Índices!$G$10:$G$261) -> 0.0059173497
C110: Total Juros BoP | H110: =IF(G$5<$E$104,IF(G$110=0,IF(AND($D$91="Incontroverso",H$97>0),H46-H62,0),G$112),0)*$E$105 -> 0 | I110: =IF(H$5<$E$104,IF(H$110=0,IF(AND($D$91="Incontroverso",I$97>0),I46-I62,0),H$112),0)*$E$105 -> 0 | J110: =IF(I$5<$E$104,IF(I$110=0,IF(AND($D$91="Incontroverso",J$97>0),J46-J62,0),I$112),0)*$E$105 -> 0 | K110: =IF(J$5<$E$104,IF(J$110=0,IF(AND($D$91="Incontroverso",K$97>0),K46-K62,0),J$112),0)*$E$105 -> 0 | L110: =IF(K$5<$E$104,IF(K$110=0,IF(AND($D$91="Incontroverso",L$97>0),L46-L62,0),K$112),0)*$E$105 -> 0 | M110: =IF(L$5<$E$104,IF(L$110=0,IF(AND($D$91="Incontroverso",M$97>0),M46-M62,0),L$112),0)*$E$105 -> 0 | N110: =IF(M$5<$E$104,IF(M$110=0,IF(AND($D$91="Incontroverso",N$97>0),N46-N62,0),M$112),0)*$E$105 -> 0 | O110: =IF(N$5<$E$104,IF(N$110=0,IF(AND($D$91="Incontroverso",O$97>0),O46-O62,0),N$112),0)*$E$105 -> 0 | ... CI110: =IF(CH$5<$E$104,IF(CH$110=0,IF(AND($D$91="Incontroverso",CI$97>0),CI46-CI62,0),CH$112),0)*$E$105 -> 0 | CJ110: =IF(CI$110=0,IF(AND($D$91="Incontroverso",CJ$97>0),CJ46-CJ62,0),CI$112)*$E$105 -> 0 | CK110: =IF(CJ$110=0,IF(AND($D$91="Incontroverso",CK$97>0),CK46-CK62,0),CJ$112)*$E$105 -> 0 | CL110: =IF(CK$110=0,IF(AND($D$91="Incontroverso",CL$97>0),CL46-CL62,0),CK$112)*$E$105 -> 0 | CM110: =IF(CL$110=0,IF(AND($D$91="Incontroverso",CM$97>0),CM46-CM62,0),CL$112)*$E$105 -> 0 | CN110: =IF(CM$110=0,IF(AND($D$91="Incontroverso",CN$97>0),CN46-CN62,0),CM$112)*$E$105 -> 0 | CO110: =IF(CN$110=0,IF(AND($D$91="Incontroverso",CO$97>0),CO46-CO62,0),CN$112)*$E$105 -> 0 | CP110: =IF(CO$110=0,IF(AND($D$91="Incontroverso",CP$97>0),CP46-CP62,0),CO$112)*$E$105 -> 0 | CQ110: =IF(CP$110=0,IF(AND($D$91="Incontroverso",CQ$97>0),CQ46-CQ62,0),CP$112)*$E$105 -> 0 | ... FN110: =IF(FM$110=0,IF(AND($D$91="Incontroverso",FN$97>0),FN46-FN62,0),FM$112)*$E$105 -> 0
C111: IPCA-15 | H111: =_xlfn.XLOOKUP(G$5,Índices!$D$7:$D$258,Índices!$F$7:$F$258) -> 0.0095 | I111: =_xlfn.XLOOKUP(H$5,Índices!$D$7:$D$258,Índices!$F$7:$F$258) -> 0.0073 | J111: =_xlfn.XLOOKUP(I$5,Índices!$D$7:$D$258,Índices!$F$7:$F$258) -> 0.0054 | K111: =_xlfn.XLOOKUP(J$5,Índices!$D$7:$D$258,Índices!$F$7:$F$258) -> 0.0101 | L111: =_xlfn.XLOOKUP(K$5,Índices!$D$7:$D$258,Índices!$F$7:$F$258) -> 0.0162 | M111: =_xlfn.XLOOKUP(L$5,Índices!$D$7:$D$258,Índices!$F$7:$F$258) -> 0.0106 | N111: =_xlfn.XLOOKUP(M$5,Índices!$D$7:$D$258,Índices!$F$7:$F$258) -> 0.0047 | O111: =_xlfn.XLOOKUP(N$5,Índices!$D$7:$D$258,Índices!$F$7:$F$258) -> 0.0067 | ... FN111: =_xlfn.XLOOKUP(FM$5,Índices!$D$7:$D$258,Índices!$F$7:$F$258) -> 0.0032737398
C112: Total Juros EoP | H112: =(H110*(1+IF(H$5>=$D$98,H111,0))) -> 0 | I112: =(I110*(1+IF(I$5>=$D$98,I111,0))) -> 0 | J112: =(J110*(1+IF(J$5>=$D$98,J111,0))) -> 0 | K112: =(K110*(1+IF(K$5>=$D$98,K111,0))) -> 0 | L112: =(L110*(1+IF(L$5>=$D$98,L111,0))) -> 0 | M112: =(M110*(1+IF(M$5>=$D$98,M111,0))) -> 0 | N112: =(N110*(1+IF(N$5>=$D$98,N111,0))) -> 0 | O112: =(O110*(1+IF(O$5>=$D$98,O111,0))) -> 0 | ... FN112: =(FN110*(1+IF(FN$5>=$D$98,FN111,0))) -> 0
C113: Valor Residual / Complementar | H113: =(H105*$D$25*$E$25)+(H112+SUM($H$108:H108)-((H105+SUM($H$108:H108)+H112)*$D$27)*$E$26)+(((H105*$D$23*$E$23)+((H112+SUM($H$108:H108)-((H105+SUM($H$108:H108)+H112)*$D$27))*$D$24*$E$24))*$D$22) -> 0 | I113: =(I105*$D$25*$E$25)+(I112+SUM($H$108:I108)-((I105+SUM($H$108:I108)+I112)*$D$27)*$E$26)+(((I105*$D$23*$E$23)+((I112+SUM($H$108:I108)-((I105+SUM($H$108:I108)+I112)*$D$27))*$D$24*$E$24))*$D$22) -> 0 | J113: =(J105*$D$25*$E$25)+(J112+SUM($H$108:J108)-((J105+SUM($H$108:J108)+J112)*$D$27)*$E$26)+(((J105*$D$23*$E$23)+((J112+SUM($H$108:J108)-((J105+SUM($H$108:J108)+J112)*$D$27))*$D$24*$E$24))*$D$22) -> 0 | K113: =(K105*$D$25*$E$25)+(K112+SUM($H$108:K108)-((K105+SUM($H$108:K108)+K112)*$D$27)*$E$26)+(((K105*$D$23*$E$23)+((K112+SUM($H$108:K108)-((K105+SUM($H$108:K108)+K112)*$D$27))*$D$24*$E$24))*$D$22) -> 0 | L113: =(L105*$D$25*$E$25)+(L112+SUM($H$108:L108)-((L105+SUM($H$108:L108)+L112)*$D$27)*$E$26)+(((L105*$D$23*$E$23)+((L112+SUM($H$108:L108)-((L105+SUM($H$108:L108)+L112)*$D$27))*$D$24*$E$24))*$D$22) -> 0 | M113: =(M105*$D$25*$E$25)+(M112+SUM($H$108:M108)-((M105+SUM($H$108:M108)+M112)*$D$27)*$E$26)+(((M105*$D$23*$E$23)+((M112+SUM($H$108:M108)-((M105+SUM($H$108:M108)+M112)*$D$27))*$D$24*$E$24))*$D$22) -> 0 | N113: =(N105*$D$25*$E$25)+(N112+SUM($H$108:N108)-((N105+SUM($H$108:N108)+N112)*$D$27)*$E$26)+(((N105*$D$23*$E$23)+((N112+SUM($H$108:N108)-((N105+SUM($H$108:N108)+N112)*$D$27))*$D$24*$E$24))*$D$22) -> 0 | O113: =(O105*$D$25*$E$25)+(O112+SUM($H$108:O108)-((O105+SUM($H$108:O108)+O112)*$D$27)*$E$26)+(((O105*$D$23*$E$23)+((O112+SUM($H$108:O108)-((O105+SUM($H$108:O108)+O112)*$D$27))*$D$24*$E$24))*$D$22) -> 0 | ... FN113: =(FN105*$D$25*$E$25)+(FN112+SUM($H$108:FN108)-((FN105+SUM($H$108:FN108)+FN112)*$D$27)*$E$26)+(((FN105*$D$23*$E$23)+((FN112+SUM($H$108:FN108)-((FN105+SUM($H$108:FN108)+FN112)*$D$27))*$D$24*$E$24))*$D$22) -> 0
C116: Depois da expedição
C117: PRC Complementar - BoP | H117: =IF(G$117=0,IF(H$5=$E$104,H$113,0)*$E$106,G$119) -> 0 | I117: =IF(H$117=0,IF(I$5=$E$104,I$113,0)*$E$106,H$119) -> 0 | J117: =IF(I$117=0,IF(J$5=$E$104,J$113,0)*$E$106,I$119) -> 0 | K117: =IF(J$117=0,IF(K$5=$E$104,K$113,0)*$E$106,J$119) -> 0 | L117: =IF(K$117=0,IF(L$5=$E$104,L$113,0)*$E$106,K$119) -> 0 | M117: =IF(L$117=0,IF(M$5=$E$104,M$113,0)*$E$106,L$119) -> 0 | N117: =IF(M$117=0,IF(N$5=$E$104,N$113,0)*$E$106,M$119) -> 0 | O117: =IF(N$117=0,IF(O$5=$E$104,O$113,0)*$E$106,N$119) -> 0 | ... FN117: =IF(FM$117=0,IF(FN$5=$E$104,FN$113,0)*$E$106,FM$119) -> 0
...

Sheet Preço Mínimo
C2: Securitização do FUNDEF Município de DOM EXPEDITO LOPES - PI
C3: Preço Mínimo
D4: Cenário | E4: Probabilidade | F4: NPV | H4: Cenário | I4: Recebimentos do Cessionário | J4: 44561 | K4: =EOMONTH(J4,1) -> 44592 | L4: =EOMONTH(K4,1) -> 44620 | M4: =EOMONTH(L4,1) -> 44651 | N4: =EOMONTH(M4,1) -> 44681 | O4: =EOMONTH(N4,1) -> 44712 | P4: =EOMONTH(O4,1) -> 44742 | Q4: =EOMONTH(P4,1) -> 44773 | R4: =EOMONTH(Q4,1) -> 44804 | ... FP4: =EOMONTH(FO4,1) -> 49490
D5: Sem recebimento | E5: ='Control Panel'!F8 -> 0.02 | F5: =XNPV($E$10,BO5:FP5,$BO$4:$FP$4) -> 0 | H5: Sem recebimento | I5: =SUM(BO5:FP5) -> 0 | BO5: 0 | BP5: 0 | BQ5: 0 | BR5: 0 | BS5: 0 | BT5: 0 | BU5: 0 | BV5: 0 | BW5: 0 | BX5: 0 | BY5: 0 | BZ5: 0 | CA5: 0 | CB5: 0 | CC5: 0 | CD5: 0 | CE5: 0 | CF5: 0 | CG5: 0 | CH5: 0 | CI5: 0 | CJ5: 0 | CK5: 0 | CL5: 0 | CM5: 0 | CN5: 0 | CO5: 0 | CP5: 0 | CQ5: 0 | CR5: 0 | CS5: 0 | CT5: 0 | CU5: 0 | CV5: 0 | CW5: 0 | CX5: 0 | CY5: 0 | CZ5: 0 | DA5: 0 | DB5: 0 | DC5: 0 | DD5: 0 | DE5: 0 | DF5: 0 | DG5: 0 | DH5: 0 | DI5: 0 | DJ5: 0 | DK5: 0 | DL5: 0 | DM5: 0 | DN5: 0 | DO5: 0 | DP5: 0 | DQ5: 0 | DR5: 0 | DS5: 0 | DT5: 0 | DU5: 0 | DV5: 0 | DW5: 0 | DX5: 0 | DY5: 0 | DZ5: 0 | EA5: 0 | EB5: 0 | EC5: 0 | ED5: 0 | EE5: 0 | EF5: 0 | EG5: 0 | EH5: 0 | EI5: 0 | EJ5: 0 | EK5: 0 | EL5: 0 | EM5: 0 | EN5: 0 | EO5: 0 | EP5: 0 | EQ5: 0 | ER5: 0 | ES5: 0 | ET5: 0 | EU5: 0 | EV5: 0 | EW5: 0 | EX5: 0 | EY5: 0 | EZ5: 0 | FA5: 0 | FB5: 0 | FC5: 0 | FD5: 0 | FE5: 0 | FF5: 0 | FG5: 0 | FH5: 0 | FI5: 0 | FJ5: 0 | FK5: 0 | FL5: 0 | FM5: 0 | FN5: 0 | FO5: 0 | FP5: 0
D6: Acordo | E6: ='Control Panel'!G8 -> 0.07 | F6: =XNPV($E$10,BO6:FP6,$BO$4:$FP$4) -> 3186839.4 | H6: Acordo | I6: =SUM(BO6:FP6) -> 6955243.8 | BO6: 0 | BP6: 0 | BQ6: 0 | BR6: 0 | BS6: 0 | BT6: 0 | BU6: 0 | BV6: 0 | BW6: 0 | BX6: 0 | BY6: 0 | BZ6: 0 | CA6: 0 | CB6: 0 | CC6: 0 | CD6: 0 | CE6: 0 | CF6: 0 | CG6: 0 | CH6: 0 | CI6: 0 | CJ6: 0 | CK6: 0 | CL6: 0 | CM6: 0 | CN6: 0 | CO6: 0 | CP6: 0 | CQ6: 0 | CR6: 0 | CS6: 0 | CT6: 0 | CU6: 0 | CV6: 2635148.8 | CW6: 0 | CX6: 0 | CY6: 0 | CZ6: 0 | DA6: 0 | DB6: 0 | DC6: 0 | DD6: 0 | DE6: 0 | DF6: 0 | DG6: 0 | DH6: 2096389.1 | DI6: 0 | DJ6: 0 | DK6: 0 | DL6: 0 | DM6: 0 | DN6: 0 | DO6: 0 | DP6: 0 | DQ6: 0 | DR6: 0 | DS6: 0 | DT6: 2223705.9 | DU6: 0 | DV6: 0 | DW6: 0 | DX6: 0 | DY6: 0 | DZ6: 0 | EA6: 0 | EB6: 0 | EC6: 0 | ED6: 0 | EE6: 0 | EF6: 0 | EG6: 0 | EH6: 0 | EI6: 0 | EJ6: 0 | EK6: 0 | EL6: 0 | EM6: 0 | EN6: 0 | EO6: 0 | EP6: 0 | EQ6: 0 | ER6: 0 | ES6: 0 | ET6: 0 | EU6: 0 | EV6: 0 | EW6: 0 | EX6: 0 | EY6: 0 | EZ6: 0 | FA6: 0 | FB6: 0 | FC6: 0 | FD6: 0 | FE6: 0 | FF6: 0 | FG6: 0 | FH6: 0 | FI6: 0 | FJ6: 0 | FK6: 0 | FL6: 0 | FM6: 0 | FN6: 0 | FO6: 0 | FP6: 0
D7: Incontroverso demorado | E7: ='Control Panel'!H8 -> 0.845 | F7: =XNPV($E$10,BO7:FP7,$BO$4:$FP$4) -> 3898942.8 | H7: Incontroverso demorado | I7: =SUM(BO7:FP7) -> 10560028 | BO7: 0 | BP7: 0 | BQ7: 0 | BR7: 0 | BS7: 0 | BT7: 0 | BU7: 0 | BV7: 0 | BW7: 0 | BX7: 0 | BY7: 0 | BZ7: 0 | CA7: 0 | CB7: 0 | CC7: 0 | CD7: 0 | CE7: 0 | CF7: 0 | CG7: 0 | CH7: 0 | CI7: 0 | CJ7: 0 | CK7: 0 | CL7: 0 | CM7: 0 | CN7: 0 | CO7: 0 | CP7: 0 | CQ7: 0 | CR7: 0 | CS7: 0 | CT7: 0 | CU7: 0 | CV7: 0 | CW7: 0 | CX7: 0 | CY7: 0 | CZ7: 0 | DA7: 0 | DB7: 0 | DC7: 0 | DD7: 0 | DE7: 0 | DF7: 0 | DG7: 0 | DH7: 4000901.6 | DI7: 0 | DJ7: 0 | DK7: 0 | DL7: 0 | DM7: 0 | DN7: 0 | DO7: 0 | DP7: 0 | DQ7: 0 | DR7: 0 | DS7: 0 | DT7: 3182911.8 | DU7: 0 | DV7: 0 | DW7: 0 | DX7: 0 | DY7: 0 | DZ7: 0 | EA7: 0 | EB7: 0 | EC7: 0 | ED7: 0 | EE7: 0 | EF7: 3376214.9 | EG7: 0 | EH7: 0 | EI7: 0 | EJ7: 0 | EK7: 0 | EL7: 0 | EM7: 0 | EN7: 0 | EO7: 0 | EP7: 0 | EQ7: 0 | ER7: 0 | ES7: 0 | ET7: 0 | EU7: 0 | EV7: 0 | EW7: 0 | EX7: 0 | EY7: 0 | EZ7: 0 | FA7: 0 | FB7: 0 | FC7: 0 | FD7: 0 | FE7: 0 | FF7: 0 | FG7: 0 | FH7: 0 | FI7: 0 | FJ7: 0 | FK7: 0 | FL7: 0 | FM7: 0 | FN7: 0 | FO7: 0 | FP7: 0
D8: Incontroverso rápido | E8: ='Control Panel'!I8 -> 0.065 | F8: =XNPV($E$10,BO8:FP8,$BO$4:$FP$4) -> 4556182.1 | H8: Incontroverso rápido | I8: =SUM(BO8:FP8) -> 9943819.8 | BO8: 0 | BP8: 0 | BQ8: 0 | BR8: 0 | BS8: 0 | BT8: 0 | BU8: 0 | BV8: 0 | BW8: 0 | BX8: 0 | BY8: 0 | BZ8: 0 | CA8: 0 | CB8: 0 | CC8: 0 | CD8: 0 | CE8: 0 | CF8: 0 | CG8: 0 | CH8: 0 | CI8: 0 | CJ8: 0 | CK8: 0 | CL8: 0 | CM8: 0 | CN8: 0 | CO8: 0 | CP8: 0 | CQ8: 0 | CR8: 0 | CS8: 0 | CT8: 0 | CU8: 0 | CV8: 3767437.3 | CW8: 0 | CX8: 0 | CY8: 0 | CZ8: 0 | DA8: 0 | DB8: 0 | DC8: 0 | DD8: 0 | DE8: 0 | DF8: 0 | DG8: 0 | DH8: 2997179.6 | DI8: 0 | DJ8: 0 | DK8: 0 | DL8: 0 | DM8: 0 | DN8: 0 | DO8: 0 | DP8: 0 | DQ8: 0 | DR8: 0 | DS8: 0 | DT8: 3179202.9 | DU8: 0 | DV8: 0 | DW8: 0 | DX8: 0 | DY8: 0 | DZ8: 0 | EA8: 0 | EB8: 0 | EC8: 0 | ED8: 0 | EE8: 0 | EF8: 0 | EG8: 0 | EH8: 0 | EI8: 0 | EJ8: 0 | EK8: 0 | EL8: 0 | EM8: 0 | EN8: 0 | EO8: 0 | EP8: 0 | EQ8: 0 | ER8: 0 | ES8: 0 | ET8: 0 | EU8: 0 | EV8: 0 | EW8: 0 | EX8: 0 | EY8: 0 | EZ8: 0 | FA8: 0 | FB8: 0 | FC8: 0 | FD8: 0 | FE8: 0 | FF8: 0 | FG8: 0 | FH8: 0 | FI8: 0 | FJ8: 0 | FK8: 0 | FL8: 0 | FM8: 0 | FN8: 0 | FO8: 0 | FP8: 0
D10: Taxa | E10: 0.2408
D11: PW NPV | E11: =SUMPRODUCT(E5:E8,F5:F8) -> 3813837.3
D12: Incontroverso as of Investment Date | E12: =Cashflows!$D$176 -> 7847645.6
D13: Deságio máximo | E13: =1-(E11/E12) -> 0.5140151

Sheet Índices
C2: Securitização do FUNDEF Município de DOM EXPEDITO LOPES - PI
C3: Support Indexes | J3: Projeções ITAÚ BBA
J5: 2026 | K5: 2027 | L5: 2028 | M5: =L5+1 -> 2029 | N5: =M5+1 -> 2030 | O5: =N5+1 -> 2031 | P5: =O5+1 -> 2032 | Q5: =P5+1 -> 2033 | R5: =Q5+1 -> 2034 | S5: =R5+1 -> 2035 | T5: =S5+1 -> 2036 | ... Y5: =X5+1 -> 2041
D6: Month | E6: Selic | F6: IPCA | G6: Juros Legal | I6: IPCA (% a.a) | J6: 0.054 | K6: 0.045 | L6: 0.04 | M6: 0.04 | N6: 0.04 | O6: 0.04 | P6: 0.04 | Q6: 0.04 | R6: 0.04 | S6: 0.04 | T6: 0.04 | U6: 0.04 | V6: 0.04 | W6: 0.04 | X6: 0.04 | Y6: 0.04
D7: 43861 | E7: 0.0038 | F7: 0.0021 | G7: n.a. | I7: SELIC (% a.a.) | J7: 0.1435 | K7: 0.1313 | L7: 0.1171 | M7: 0.1163 | N7: 0.1163 | O7: 0.1163 | P7: 0.1163 | Q7: 0.1163 | R7: 0.1163 | S7: 0.1163 | T7: 0.1163 | U7: 0.1163 | V7: 0.1163 | W7: 0.1163 | X7: 0.1163 | Y7: 0.1163
D8: =EOMONTH(D7,1) -> 43890 | E8: 0.0029 | F8: 0.0025 | G8: =MAX((1+E7)/(1+F7)-1,0) -> 0.0016964375
D9: =EOMONTH(D8,1) -> 43921 | E9: 0.0034 | F9: 0.0007 | G9: =MAX((1+E8)/(1+F8)-1,0) -> 0.00039900249
D10: =EOMONTH(D9,1) -> 43951 | E10: 0.0028 | F10: -0.0031 | G10: =MAX((1+E9)/(1+F9)-1,0) -> 0.0026981113
D11: =EOMONTH(D10,1) -> 43982 | E11: 0.0024 | F11: -0.0038 | G11: =MAX((1+E10)/(1+F10)-1,0) -> 0.0059183469
D12: =EOMONTH(D11,1) -> 44012 | E12: 0.0021 | F12: 0.0026 | G12: =MAX((1+E11)/(1+F11)-1,0) -> 0.0062236499
D13: =EOMONTH(D12,1) -> 44043 | E13: 0.0019 | F13: 0.0036 | G13: =MAX((1+E12)/(1+F12)-1,0) -> 0
D14: =EOMONTH(D13,1) -> 44074 | E14: 0.0016 | F14: 0.0024 | G14: =MAX((1+E13)/(1+F13)-1,0) -> 0
D15: =EOMONTH(D14,1) -> 44104 | E15: 0.0016 | F15: 0.0064 | G15: =MAX((1+E14)/(1+F14)-1,0) -> 0
D16: =EOMONTH(D15,1) -> 44135 | E16: 0.0016 | F16: 0.0086 | G16: =MAX((1+E15)/(1+F15)-1,0) -> 0
D17: =EOMONTH(D16,1) -> 44165 | E17: 0.0015 | F17: 0.0089 | G17: =MAX((1+E16)/(1+F16)-1,0) -> 0
D18: =EOMONTH(D17,1) -> 44196 | E18: 0.0016 | F18: 0.0135 | G18: =MAX((1+E17)/(1+F17)-1,0) -> 0
D19: =EOMONTH(D18,1) -> 44227 | E19: 0.0015 | F19: 0.0025 | G19: =MAX((1+E18)/(1+F18)-1,0) -> 0
... D61: =EOMONTH(D60,1) -> 45504 | E61: 0.0091 | F61: 0.0038 | G61: =MAX((1+E60)/(1+F60)-1,0) -> 0.0057878455
D62: =EOMONTH(D61,1) -> 45535 | E62: 0.0087 | F62: -0.0002 | G62: 0.0060530608
D63: =EOMONTH(D62,1) -> 45565 | E63: 0.0084 | F63: 0.0044 | G63: 0.0067622717
D64: =EOMONTH(D63,1) -> 45596 | E64: 0.0093 | F64: 0.0056 | G64: 0.0070424149
D65: =EOMONTH(D64,1) -> 45626 | E65: 0.0079 | F65: 0.0039 | G65: 0.0038587428
D66: =EOMONTH(D65,1) -> 45657 | E66: 0.0093 | F66: 0.0052 | G66: 0.0017192407
D67: =EOMONTH(D66,1) -> 45688 | E67: 0.0101 | F67: 0.0016 | G67: 0.0058942695
D68: =EOMONTH(D67,1) -> 45716 | E68: 0.0099 | F68: 0.0131 | G68: 0.0090220857
D69: =EOMONTH(D68,1) -> 45747 | E69: 0.0096 | F69: 0.0056 | G69: -0.0024170503
D70: =EOMONTH(D69,1) -> 45777 | E70: 0.0106 | F70: 0.0043 | G70: 0.003219694
D71: =EOMONTH(D70,1) -> 45808 | E71: 0.0114 | F71: 0.0026 | G71: 0.0062320024
D72: =EOMONTH(D71,1) -> 45838 | E72: 0.011 | F72: 0.0024 | G72: 0.0077598246
D73: =EOMONTH(D72,1) -> 45869 | E73: 0.0128 | F73: 0.0026 | G73: 0.0083488031
... D86: =EOMONTH(D85,1) -> 46265 | E86: 0.0109 | F86: -0.004 | G86: 0.01154527
D87: =EOMONTH(D86,1) -> 46295 | E87: =(1+_xlfn.XLOOKUP(YEAR($D87),$J$5:$Y$5,$J$7:$Y$7))^(1/12)-1 -> 0.011237146 | F87: =(1+_xlfn.XLOOKUP(YEAR($D87),$J$5:$Y$5,$J$6:$Y$6))^(1/12)-1 -> 0.0043923223 | G87: =MAX((1+E86)/(1+F86)-1,0) -> 0.014959839
D88: =EOMONTH(D87,1) -> 46326 | E88: =(1+_xlfn.XLOOKUP(YEAR($D88),$J$5:$Y$5,$J$7:$Y$7))^(1/12)-1 -> 0.011237146 | F88: =(1+_xlfn.XLOOKUP(YEAR($D88),$J$5:$Y$5,$J$6:$Y$6))^(1/12)-1 -> 0.0043923223 | G88: =MAX((1+E87)/(1+F87)-1,0) -> 0.0068148901
D89: =EOMONTH(D88,1) -> 46356 | E89: =(1+_xlfn.XLOOKUP(YEAR($D89),$J$5:$Y$5,$J$7:$Y$7))^(1/12)-1 -> 0.011237146 | F89: =(1+_xlfn.XLOOKUP(YEAR($D89),$J$5:$Y$5,$J$6:$Y$6))^(1/12)-1 -> 0.0043923223 | G89: =MAX((1+E88)/(1+F88)-1,0) -> 0.0068148901
D90: =EOMONTH(D89,1) -> 46387 | E90: =(1+_xlfn.XLOOKUP(YEAR($D90),$J$5:$Y$5,$J$7:$Y$7))^(1/12)-1 -> 0.011237146 | F90: =(1+_xlfn.XLOOKUP(YEAR($D90),$J$5:$Y$5,$J$6:$Y$6))^(1/12)-1 -> 0.0043923223 | G90: =MAX((1+E89)/(1+F89)-1,0) -> 0.0068148901
D91: =EOMONTH(D90,1) -> 46418 | E91: =(1+_xlfn.XLOOKUP(YEAR($D91),$J$5:$Y$5,$J$7:$Y$7))^(1/12)-1 -> 0.010333645 | F91: =(1+_xlfn.XLOOKUP(YEAR($D91),$J$5:$Y$5,$J$6:$Y$6))^(1/12)-1 -> 0.0036748094 | G91: =MAX((1+E90)/(1+F90)-1,0) -> 0.0068148901
D92: =EOMONTH(D91,1) -> 46446 | E92: =(1+_xlfn.XLOOKUP(YEAR($D92),$J$5:$Y$5,$J$7:$Y$7))^(1/12)-1 -> 0.010333645 | F92: =(1+_xlfn.XLOOKUP(YEAR($D92),$J$5:$Y$5,$J$6:$Y$6))^(1/12)-1 -> 0.0036748094 | G92: =MAX((1+E91)/(1+F91)-1,0) -> 0.0066344552
D93: =EOMONTH(D92,1) -> 46477 | E93: =(1+_xlfn.XLOOKUP(YEAR($D93),$J$5:$Y$5,$J$7:$Y$7))^(1/12)-1 -> 0.010333645 | F93: =(1+_xlfn.XLOOKUP(YEAR($D93),$J$5:$Y$5,$J$6:$Y$6))^(1/12)-1 -> 0.0036748094 | G93: =MAX((1+E92)/(1+F92)-1,0) -> 0.0066344552
D94: =EOMONTH(D93,1) -> 46507 | E94: =(1+_xlfn.XLOOKUP(YEAR($D94),$J$5:$Y$5,$J$7:$Y$7))^(1/12)-1 -> 0.010333645 | F94: =(1+_xlfn.XLOOKUP(YEAR($D94),$J$5:$Y$5,$J$6:$Y$6))^(1/12)-1 -> 0.0036748094 | G94: =MAX((1+E93)/(1+F93)-1,0) -> 0.0066344552
D95: =EOMONTH(D94,1) -> 46538 | E95: =(1+_xlfn.XLOOKUP(YEAR($D95),$J$5:$Y$5,$J$7:$Y$7))^(1/12)-1 -> 0.010333645 | F95: =(1+_xlfn.XLOOKUP(YEAR($D95),$J$5:$Y$5,$J$6:$Y$6))^(1/12)-1 -> 0.0036748094 | G95: =MAX((1+E94)/(1+F94)-1,0) -> 0.0066344552
D96: =EOMONTH(D95,1) -> 46568 | E96: =(1+_xlfn.XLOOKUP(YEAR($D96),$J$5:$Y$5,$J$7:$Y$7))^(1/12)-1 -> 0.010333645 | F96: =(1+_xlfn.XLOOKUP(YEAR($D96),$J$5:$Y$5,$J$6:$Y$6))^(1/12)-1 -> 0.0036748094 | G96: =MAX((1+E95)/(1+F95)-1,0) -> 0.0066344552
D97: =EOMONTH(D96,1) -> 46599 | E97: =(1+_xlfn.XLOOKUP(YEAR($D97),$J$5:$Y$5,$J$7:$Y$7))^(1/12)-1 -> 0.010333645 | F97: =(1+_xlfn.XLOOKUP(YEAR($D97),$J$5:$Y$5,$J$6:$Y$6))^(1/12)-1 -> 0.0036748094 | G97: =MAX((1+E96)/(1+F96)-1,0) -> 0.0066344552
D98: =EOMONTH(D97,1) -> 46630 | E98: =(1+_xlfn.XLOOKUP(YEAR($D98),$J$5:$Y$5,$J$7:$Y$7))^(1/12)-1 -> 0.010333645 | F98: =(1+_xlfn.XLOOKUP(YEAR($D98),$J$5:$Y$5,$J$6:$Y$6))^(1/12)-1 -> 0.0036748094 | G98: =MAX((1+E97)/(1+F97)-1,0) -> 0.0066344552
... D258: =EOMONTH(D257,1) -> 51501 | E258: =(1+_xlfn.XLOOKUP(YEAR($D258),$J$5:$Y$5,$J$7:$Y$7))^(1/12)-1 -> 0.0092104614 | F258: =(1+_xlfn.XLOOKUP(YEAR($D258),$J$5:$Y$5,$J$6:$Y$6))^(1/12)-1 -> 0.0032737398 | G258: =MAX((1+E257)/(1+F257)-1,0) -> 0.0059173497
